| TOP OF THE 1ST |
|
Winnipeg Goldeyes batting - Pitching for Brockton Rox : RHP Austin O'Connor
|
|
Pitching: RHP Austin O'Connor
|
|
|
Batting: RHB Willie Jimenez
|
0-0: Ball 1-0: Swinging Strike 1-1: SINGLE (Line Drive, 9S, EV 98.8 MPH)
|
|
Batting: RHB David McClellan
|
0-0: Ball Willie Jimenez steals 2nd base 1-0: Foul Ball, location: 2F 1-1: Ball 2-1: Ground out 5-3 (Groundball, 5, EV 98.8 MPH)
|
|
Batting: RHB Steve Raine
|
0-0: Ball 1-0: Ball 2-0: Ball 3-0: Base on Balls
|
|
Batting: LHB Marvin Shepherd
|
0-0: Ball 1-0: Called Strike 1-1: Ball 2-1: Foul Ball, location: 2F 2-2: Ball 3-2: Strikes out swinging
|
|
Batting: LHB Kuemon Shishido
|
0-0: Called Strike 0-1: Foul Ball, location: 2F 0-2: Strikes out looking
|
| Top of the 1st over - 0 runs, 1 hit, 0 errors, 2 left on base; Winnipeg 0 - Brockton 0 |
| BOTTOM OF THE 1ST |
|
Brockton Rox batting - Pitching for Winnipeg Goldeyes : RHP Carlos Palacios
|
|
Pitching: RHP Carlos Palacios
|
|
|
Batting: RHB Sal Rivera
|
0-0: Ball 1-0: Fly out, F9 (Line Drive, 9D, EV 90.0 MPH)
|
|
Batting: LHB John Buff
|
0-0: Ball 1-0: Foul Ball, location: 2F 1-1: Swinging Strike 1-2: Strikes out swinging
|
|
Batting: RHB Jim Hubbard
|
0-0: Foul Ball, location: 2F 0-1: Called Strike 0-2: Foul Ball, location: 2F 0-2: Ball 1-2: Strikes out swinging
|
| Bottom of the 1st over - 0 runs, 0 hits, 0 errors, 0 left on base; Winnipeg 0 - Brockton 0 |
| TOP OF THE 2ND |
|
Winnipeg Goldeyes batting - Pitching for Brockton Rox : RHP Austin O'Connor
|
|
Batting: SHB Manny Molina
|
0-0: SOLO HOME RUN (Flyball, 9D, EV 103.1 MPH), Distance : 382 ft
|
|
Batting: LHB Brian Wagner
|
0-0: Swinging Strike 0-1: Ball 1-1: Ball 2-1: Called Strike 2-2: Foul Ball, location: 2F 2-2: Strikes out swinging
|
|
Batting: RHB Antonio Santos
|
0-0: Ground out 6-3 (Groundball, P, EV 88.1 MPH)
|
|
Batting: RHB Ton van Dijk
|
0-0: Called Strike 0-1: Ball 1-1: Ball 2-1: Ball 3-1: Called Strike 3-2: Foul Ball, location: 2F 3-2: Foul Ball, location: 2F 3-2: Base on Balls
|
|
Batting: RHB Willie Jimenez
|
0-0: Ball Ton van Dijk steals 2nd base 1-0: Ball 2-0: Ball 3-0: Called Strike 3-1: Base on Balls
|
|
Batting: RHB David McClellan
|
0-0: Called Strike 0-1: Ball 1-1: SINGLE (Groundball, 4MD, EV 103.1 MPH) Ton van Dijk to third Willie Jimenez to second Runner from 3rd tries for Home, SAFE, throw by CF to home
|
|
Batting: RHB Steve Raine
|
0-0: Ball 1-0: Fly out, F6 (Popup, 6M, EV 63.1 MPH)
|
| Top of the 2nd over - 2 runs, 2 hits, 0 errors, 2 left on base; Winnipeg 2 - Brockton 0 |
| BOTTOM OF THE 2ND |
|
Brockton Rox batting - Pitching for Winnipeg Goldeyes : RHP Carlos Palacios
|
|
Batting: LHB Carlos Guerra
|
0-0: Swinging Strike 0-1: Swinging Strike 0-2: Strikes out swinging
|
|
Batting: LHB Danny Montoya
|
0-0: Ball 1-0: Swinging Strike 1-1: Called Strike 1-2: Foul Ball, location: 2F 1-2: Strikes out swinging
|
|
Batting: RHB Ted Emmerich
|
0-0: Swinging Strike 0-1: Foul Ball, location: 2F 0-2: Ball 1-2: Strikes out swinging
|
| Bottom of the 2nd over - 0 runs, 0 hits, 0 errors, 0 left on base; Winnipeg 2 - Brockton 0 |
| TOP OF THE 3RD |
|
Winnipeg Goldeyes batting - Pitching for Brockton Rox : RHP Austin O'Connor
|
|
Batting: LHB Marvin Shepherd
|
0-0: Foul Ball, location: 2F 0-1: Ball 1-1: Swinging Strike 1-2: Strikes out swinging
|
|
Batting: LHB Kuemon Shishido
|
0-0: Ball 1-0: SINGLE (Flyball, 56D, EV 91.9 MPH)
|
|
Batting: SHB Manny Molina
|
0-0: Called Strike 0-1: Grounds into double play, 4-6-3 (Groundball, 4, EV 111.2 MPH)
|
| Top of the 3rd over - 0 runs, 1 hit, 0 errors, 0 left on base; Winnipeg 2 - Brockton 0 |
| BOTTOM OF THE 3RD |
|
Brockton Rox batting - Pitching for Winnipeg Goldeyes : RHP Carlos Palacios
|
|
Batting: RHB Alex Melendez
|
0-0: SINGLE (Line Drive, 8RS, EV 96.9 MPH)
|
|
Batting: RHB Josh Smith
|
0-0: Called Strike 0-1: Foul Ball, location: 2F 0-2: Ball 1-2: Ball 2-2: Ball 3-2: Strikes out swinging
|
|
Batting: RHB Travis Campbell
|
0-0: Ball 1-0: Ball 2-0: Ball 3-0: Base on Balls Alex Melendez to second
|
|
Batting: RHB Sal Rivera
|
0-0: Foul Ball, location: 2F 0-1: Ball 1-1: Fly out, F9 (Flyball, 9LS, EV 86.9 MPH)
|
|
Batting: LHB John Buff
|
0-0: Ball 1-0: Ball 2-0: SINGLE (Line Drive, 78S, EV 109.4 MPH) Alex Melendez to third Travis Campbell to second Runner from 3rd tries for Home, SAFE, throw by CF to home
|
|
Batting: RHB Jim Hubbard
|
0-0: Ground out 1-3 (Groundball, P, EV 70.6 MPH)
|
| Bottom of the 3rd over - 1 run, 2 hits, 0 errors, 2 left on base; Winnipeg 2 - Brockton 1 |
| TOP OF THE 4TH |
|
Winnipeg Goldeyes batting - Pitching for Brockton Rox : RHP Austin O'Connor
|
|
Batting: LHB Brian Wagner
|
0-0: Called Strike 0-1: Ball 1-1: SINGLE (Groundball, 56D, EV 95.6 MPH) (infield hit)
|
|
Batting: RHB Antonio Santos
|
0-0: Foul Ball, location: 2F 0-1: Foul Ball, location: 2F 0-2: Foul Ball, location: 2F 0-2: Foul Ball, location: 2F 0-2: Foul Ball, location: 2F 0-2: SINGLE (Groundball, 6D, EV 101.9 MPH) Brian Wagner to second
|
|
Batting: RHB Ton van Dijk
|
0-0: Foul Ball, location: 2F 0-1: Swinging Strike 0-2: Strikes out swinging
|
|
Batting: RHB Willie Jimenez
|
0-0: Swinging Strike 0-1: Foul Ball, location: 2F 0-2: Foul Ball, location: 2F 0-2: SINGLE (Flyball, 4D, EV 84.4 MPH) Brian Wagner to third Antonio Santos to second
|
|
Batting: RHB David McClellan
|
0-0: Ball 1-0: Ball 2-0: Swinging Strike 2-1: Swinging Strike 2-2: Ball 3-2: Base on Balls Brian Wagner scores Antonio Santos to third Willie Jimenez to second
|
|
Batting: RHB Steve Raine
|
0-0: Swinging Strike 0-1: Ball 1-1: Ball 2-1: Foul Ball, location: 2F 2-2: Foul Ball, location: 2F 2-2: Ball 3-2: Strikes out swinging
|
|
Pitching: LHP Jon Convery
|
|
|
Batting: LHB Marvin Shepherd
|
0-0: Called Strike 0-1: Ball 1-1: Foul Ball, location: 2F 1-2: Ball 2-2: Strikes out swinging
|
| Top of the 4th over - 1 run, 3 hits, 0 errors, 3 left on base; Winnipeg 3 - Brockton 1 |
| BOTTOM OF THE 4TH |
|
Brockton Rox batting - Pitching for Winnipeg Goldeyes : RHP Carlos Palacios
|
|
Batting: LHB Carlos Guerra
|
0-0: Ball 1-0: Swinging Strike 1-1: Swinging Strike 1-2: Ball 2-2: Strikes out swinging
|
|
Batting: LHB Danny Montoya
|
0-0: Swinging Strike 0-1: Ball 1-1: Ground out 4-3 (Groundball, 4, EV 85.0 MPH)
|
|
Batting: RHB Ted Emmerich
|
0-0: Swinging Strike 0-1: Ball 1-1: Swinging Strike 1-2: Ground out U3 (Groundball, 3, EV 88.8 MPH)
|
| Bottom of the 4th over - 0 runs, 0 hits, 0 errors, 0 left on base; Winnipeg 3 - Brockton 1 |
| TOP OF THE 5TH |
|
Winnipeg Goldeyes batting - Pitching for Brockton Rox : LHP Jon Convery
|
|
Batting: LHB Kuemon Shishido
|
0-0: Foul Ball, location: 2F 0-1: Ball 1-1: Foul Ball, location: 2F 1-2: Strikes out looking
|
|
Batting: SHB Manny Molina
|
0-0: Ball 1-0: Ball 2-0: Foul Ball, location: 2F 2-1: Ball 3-1: Foul Ball, location: 2F 3-2: Foul Ball, location: 2F 3-2: Foul Ball, location: 2F 3-2: Foul Ball, location: 2F 3-2: Fly out, F9 (Flyball, 8RS, EV 85.0 MPH)
|
|
Batting: LHB Brian Wagner
|
0-0: Ball 1-0: Fly out, F7 (Flyball, 7, EV 80.6 MPH)
|
| Top of the 5th over - 0 runs, 0 hits, 0 errors, 0 left on base; Winnipeg 3 - Brockton 1 |
| BOTTOM OF THE 5TH |
|
Brockton Rox batting - Pitching for Winnipeg Goldeyes : RHP Carlos Palacios
|
|
Batting: RHB Alex Melendez
|
0-0: Swinging Strike 0-1: Foul Ball, location: 2F 0-2: Ball 1-2: Strikes out looking
|
|
Batting: RHB Josh Smith
|
0-0: Swinging Strike 0-1: Swinging Strike 0-2: Strikes out swinging
|
|
Batting: RHB Travis Campbell
|
0-0: Ball 1-0: DOUBLE (Groundball, 5L, EV 104.4 MPH)
|
|
Batting: RHB Sal Rivera
|
0-0: Called Strike 0-1: Ground out 5-3 (Groundball, 56S, EV 68.1 MPH)
|
| Bottom of the 5th over - 0 runs, 1 hit, 0 errors, 1 left on base; Winnipeg 3 - Brockton 1 |
| TOP OF THE 6TH |
|
Winnipeg Goldeyes batting - Pitching for Brockton Rox : LHP Jon Convery
|
|
Batting: RHB Antonio Santos
|
0-0: Called Strike 0-1: Foul Ball, location: 2F 0-2: Ball 1-2: Foul Ball, location: 2F 1-2: Strikes out looking
|
|
Batting: RHB Ton van Dijk
|
0-0: Foul Ball, location: 2F 0-1: Swinging Strike 0-2: Foul Ball, location: 2F 0-2: Foul Ball, location: 2F 0-2: Strikes out looking
|
|
Batting: RHB Willie Jimenez
|
0-0: Called Strike 0-1: Called Strike 0-2: Strikes out swinging
|
| Top of the 6th over - 0 runs, 0 hits, 0 errors, 0 left on base; Winnipeg 3 - Brockton 1 |
| BOTTOM OF THE 6TH |
|
Brockton Rox batting - Pitching for Winnipeg Goldeyes : RHP Carlos Palacios
|
|
Batting: LHB John Buff
|
0-0: Ball 1-0: Ball 2-0: Foul Ball, location: 2F 2-1: Foul Ball, location: 2F 2-2: Ground out 6-3 (Groundball, 6, EV 81.2 MPH)
|
|
Batting: RHB Jim Hubbard
|
0-0: Called Strike 0-1: Called Strike 0-2: Strikes out swinging, 2-3 out at first.
|
|
Batting: LHB Carlos Guerra
|
0-0: Foul Ball, location: 2F 0-1: Called Strike 0-2: Ball 1-2: Fly out, F8 (Flyball, 8RD, EV 103.8 MPH)
|
| Bottom of the 6th over - 0 runs, 0 hits, 0 errors, 0 left on base; Winnipeg 3 - Brockton 1 |
| TOP OF THE 7TH |
|
Winnipeg Goldeyes batting - Pitching for Brockton Rox : LHP Jon Convery
|
|
Pitching: LHP Chris Deans
|
|
|
Batting: RHB David McClellan
|
0-0: Ball 1-0: Called Strike 1-1: Foul Ball, location: 2F 1-2: Foul Ball, location: 2F 1-2: Foul Ball, location: 2F 1-2: Strikes out swinging
|
|
Batting: RHB Steve Raine
|
0-0: Swinging Strike 0-1: Foul Ball, location: 2F 0-2: Fly out, F7 (Line Drive, 7S, EV 106.2 MPH)
|
|
Batting: LHB Marvin Shepherd
|
0-0: Ball 1-0: Called Strike 1-1: Foul Ball, location: 2F 1-2: Ball 2-2: Ball 3-2: Foul Ball, location: 2F 3-2: Fly out, F7 (Flyball, 78M, EV 95.6 MPH)
|
| Top of the 7th over - 0 runs, 0 hits, 0 errors, 0 left on base; Winnipeg 3 - Brockton 1 |
| BOTTOM OF THE 7TH |
|
Brockton Rox batting - Pitching for Winnipeg Goldeyes : RHP Carlos Palacios
|
|
Batting: LHB Danny Montoya
|
0-0: Ball 1-0: Ball 2-0: Called Strike 2-1: Foul Ball, location: 2F 2-2: SINGLE (Groundball, 25, EV 64.4 MPH) (infield hit)
|
|
Batting: RHB Ted Emmerich
|
0-0: Called Strike 0-1: Foul Ball, location: 2F 0-2: Strikes out looking
|
|
Batting: RHB Alex Melendez
|
0-0: Ball 1-0: Foul Ball, location: 2F 1-1: Ground out 5-3 (Groundball, 56, EV 81.2 MPH) Danny Montoya to second
|
|
Batting: RHB Josh Smith
|
0-0: Fly out, F5 (Popup, 56, EV 53.1 MPH)
|
| Bottom of the 7th over - 0 runs, 1 hit, 0 errors, 1 left on base; Winnipeg 3 - Brockton 1 |
| TOP OF THE 8TH |
|
Winnipeg Goldeyes batting - Pitching for Brockton Rox : LHP Chris Deans
|
|
Batting: LHB Kuemon Shishido
|
0-0: Swinging Strike 0-1: Ball 1-1: Swinging Strike 1-2: Ball 2-2: Strikes out swinging
|
|
Batting: SHB Manny Molina
|
0-0: Called Strike 0-1: Swinging Strike 0-2: Ball 1-2: Strikes out swinging
|
|
Batting: LHB Brian Wagner
|
0-0: Fly out, F8 (Flyball, 8RS, EV 78.8 MPH)
|
| Top of the 8th over - 0 runs, 0 hits, 0 errors, 0 left on base; Winnipeg 3 - Brockton 1 |
| BOTTOM OF THE 8TH |
|
Brockton Rox batting - Pitching for Winnipeg Goldeyes : RHP Carlos Palacios
|
|
Batting: RHB Travis Campbell
|
0-0: Ball 1-0: Foul Ball, location: 2F 1-1: Foul Ball, location: 2F 1-2: Strikes out swinging
|
|
Batting: RHB Sal Rivera
|
0-0: Called Strike 0-1: Swinging Strike 0-2: Strikes out swinging
|
|
Batting: LHB John Buff
|
0-0: Ball 1-0: Fly out, F8 (Flyball, 78D, EV 101.9 MPH)
|
| Bottom of the 8th over - 0 runs, 0 hits, 0 errors, 0 left on base; Winnipeg 3 - Brockton 1 |
| TOP OF THE 9TH |
|
Winnipeg Goldeyes batting - Pitching for Brockton Rox : LHP Chris Deans
|
|
Pitching: RHP Aaron Brannon
|
|
|
Batting: RHB Antonio Santos
|
0-0: Ball 1-0: Ground out 6-3 (Groundball, 6, EV 101.2 MPH)
|
|
Batting: RHB Ton van Dijk
|
0-0: Called Strike 0-1: Swinging Strike 0-2: Ball 1-2: Ball 2-2: Strikes out looking
|
|
Batting: RHB Willie Jimenez
|
0-0: Called Strike 0-1: Fly out, F4 (Line Drive, 4, EV 65.6 MPH)
|
| Top of the 9th over - 0 runs, 0 hits, 0 errors, 0 left on base; Winnipeg 3 - Brockton 1 |
| BOTTOM OF THE 9TH |
|
Brockton Rox batting - Pitching for Winnipeg Goldeyes : RHP Carlos Palacios
|
|
Now in LF: Steve Terrell
|
|
|
Now in CF: Ton van Dijk
|
|
|
Batting: RHB Jim Hubbard
|
0-0: Ball 1-0: Ball 2-0: Called Strike 2-1: Fly out, F8 (Flyball, 8RS, EV 81.2 MPH)
|
|
Batting: LHB Carlos Guerra
|
0-0: Ball 1-0: Swinging Strike 1-1: Ball 2-1: Foul Ball, location: 2F 2-2: Strikes out swinging
|
|
Batting: LHB Danny Montoya
|
0-0: Called Strike 0-1: Ball 1-1: Called Strike 1-2: Ball 2-2: SINGLE (Groundball, 3D, EV 96.2 MPH)
|
|
Batting: RHB Ted Emmerich
|
0-0: Ball 1-0: Called Strike 1-1: Called Strike 1-2: Ball 2-2: Foul Ball, location: 2F 2-2: Ball 3-2: Base on Balls Danny Montoya to second
|
|
Pitching: RHP Tom Winsor
|
|
|
Batting: LHB Miguel Maymi
|
0-0: Called Strike 0-1: Ball 1-1: Foul Ball, location: 2F 1-2: Ball 2-2: Strikes out swinging
|
| Bottom of the 9th over - 0 runs, 1 hit, 0 errors, 2 left on base; Winnipeg 3 - Brockton 1 |
|